 Dungeon Crawl Stone Soup version 0.28.0-43-g3370ac3207 (webtiles) character file.

Game seed: 2750528816903800967

177019 rlgrobin the Spry (level 18, -7/117 HPs)
             Began as a Gargoyle Earth Elementalist on Mar 3, 2022.
             Was an Initiate of Gozag.
             Mangled by a nagaraja
             ... wielding a +0 halberd
              (37 damage)
             ... on level 4 of the Snake Pit.
             The game lasted 01:42:27 (48357 turns).

rlgrobin the Spry (Gargoyle Earth Elementalist)    Turns: 48357, Time: 01:42:27

Health: -7/117     AC: 35    Str: 19    XL:     18   Next: 15%
Magic:  21/30      EV: 15    Int: 23    God:    Gozag
Gold:   7600       SH:  0    Dex: 10    Spells: 16/33 levels left

rFire   . . .      SeeInvis .   a - +9 quarterstaff (vamp)
rCold   . . .      Faith    .   (shield currently unavailable)
rNeg    + . .      Spirit   .   N - +0 scale mail
rPois   ∞          Reflect  .   W - +1 helmet
rElec   +          Harm     .   G - +2 cloak {rCorr}
rCorr   +          Rampage  .   F - +0 pair of gloves
Will    +....                   L - +0 pair of boots
Stlth   ..........              T - amulet of regeneration
HPRegen 1.09/turn               p - +4 ring of slaying
MPRegen 0.22/turn               s - +6 ring of intelligence

@: gold aura, flying, studying Stealth
A: sickness immunity, AC +13, big wings, negative energy resistance 1,
electricity resistance, torment resistance 1, petrification resistance,
iridescent scales 1
a: Renounce Religion, Potion Petition, Call Merchant, Bribe Branch


You were on level 4 of the Snake Pit.
You worshipped Gozag.
Gozag was greatly pleased with you.
You visited 6 branches of the dungeon, and saw 32 of its levels.
You also visited: Sewer, Ossuary and Gauntlet.

You collected 11574 gold pieces.
You spent 2138 gold pieces at shops.
You paid 1836 gold pieces to Gozag.

Inventory:

Hand Weapons
 a - a +9 vampiric quarterstaff (weapon)
Missiles
 U - 8 curare-tipped darts (quivered)
Armour
 j - a +2 kite shield
 F - a +0 pair of gloves (worn)
 G - a +2 cloak of preservation (worn)
 L - a +0 pair of boots (worn)
 N - a +0 scale mail (worn)
 W - a +1 helmet (worn)
Magical Staves
 u - a staff of earth
Jewellery
 e - a ring of resist corrosion
 f - a ring of see invisible
 o - a ring of protection from cold
 p - a +4 ring of slaying (left hand)
 s - a +6 ring of intelligence (right hand)
 T - an amulet of regeneration (around neck)
 Z - a ring of wizardry
Wands
 b - a wand of acid (8)
 d - a wand of paralysis (7)
 i - a wand of mindburst (25)
 C - a wand of polymorph (7)
 K - a wand of iceblast (3)
 Y - a wand of digging (9)
Scrolls
 c - 6 scrolls of fog
 h - 4 scrolls of vulnerability
 n - 6 scrolls of magic mapping
 t - 5 scrolls of noise
 w - 3 scrolls of enchant armour
 x - 8 scrolls of fear
 y - 3 scrolls of holy word
 A - 20 scrolls of teleportation
 J - 5 scrolls of immolation
 M - 5 scrolls of blinking
 P - 4 scrolls of amnesia
 Q - 5 scrolls of summoning
 R - a scroll of silence
 V - a scroll of brand weapon
Potions
 g - 18 potions of curing
 l - 2 potions of might
 r - 6 potions of brilliance
 B - 3 potions of ambrosia
 D - 3 potions of cancellation
 E - 2 potions of lignification
 H - 5 potions of attraction
 I - 3 potions of mutation
 O - 6 potions of heal wounds
 S - 5 potions of haste
 X - a potion of resistance
Miscellaneous
 k - a tin of tremorstones (1/2)
 m - a condenser vane (inert)
 q - a phantom mirror (inert)
 v - a box of beasts (inert)
 z - a phial of floods (inert)


   Skills:
 + Level 14.3 Fighting
 - Level 14.0 Staves
 + Level 14.5 Armour
 * Level 15.2 Dodging
 - Level 2.1 Stealth
 - Level 8.0 Spellcasting
 - Level 6.0 Conjurations
 - Level 0.7 Transmutations
 - Level 6.2 Earth Magic
 - Level 10.0 Evocations


You had 16 spell levels left.
You knew the following spells:

 Your Spells              Type           Power      Damage    Failure   Level
a - Sandblast             Erth           74%        2d16      1%          1
b - Stone Arrow           Conj/Erth      74%        3d11      3%          3
i - Dispel Undead         Necr           9%         3d8       83%         4
q - Passwall              Tmut/Erth      20%        N/A       5%          2
z - Lee's Rapid Deconstr  Erth           18%        3d12*     32%         5
C - Blink                 Tloc           18%        N/A       22%         2

Your spell library contained the following spells:

 Spells                   Type           Power      Damage    Failure   Level
 Static Discharge         Conj/Air       23%        N/A       7%          2
 Pain                     Necr           36%        1d5       16%         1
 Slow                     Hex            36%        N/A       16%         1
 Mephitic Cloud           Conj/Pois/Air  18%        N/A       21%         3
 Corpse Rot               Necr/Air       18%        N/A       22%         2
 Ensorcelled Hibernation  Hex/Ice        18%        N/A       22%         2
 Poisonous Vapours        Pois/Air       18%        N/A       22%         2
 Scorch                   Fire           18%        2d5       22%         2
 Spider Form              Tmut/Pois      10%        N/A       36%         3
 Petrify                  Tmut/Erth      25%        N/A       36%         4
 Ignite Poison            Fire/Tmut/Pois 10%        N/A       38%         3
 Confusing Touch          Hex            9%         N/A       41%         3
 Lesser Beckoning         Tloc           9%         N/A       41%         3
 Vampiric Draining        Necr           9%         2d6       41%         3
 Flame Wave               Conj/Fire      23%        2d7       41%         4
 Fulminant Prism          Conj/Hex       11%        3d9       41%         4
 Iskenderun's Mystic Bla  Conj/Tloc      23%        2d6       41%         4
 Sticky Flame             Conj/Fire      23%        2d4       41%         4
 Anguish                  Hex/Necr       4%         N/A       83%         4
 Freezing Cloud           Conj/Ice/Air   9%         6-21      88%         5
 Agony                    Necr           9%         N/A       99%         5
 Excruciating Wounds      Necr           4%         N/A       99%         5
 Manifold Assault         Tloc           9%         N/A       99%         5
 Simulacrum               Ice/Necr       4%         N/A       100%        6
 Summon Cactus Giant      Summ           4%         N/A       100%        6
 Fire Storm               Conj/Fire      11%        8d3       100%        9
 Polar Vortex             Ice            4%         N/A       100%        9


Dungeon Overview and Level Annotations

Branches:
Dungeon (15/15)            Temple (1/1) D:7            Lair (6/6) D:8
  Swamp (4/4) Lair:4        Snake (4/4) Lair:4        Slime (0/5) Lair:6
    Orc (2/2) D:10            Elf (0/3) Orc:2        Vaults (0/5) D:13
  Sewer (visited)         Ossuary (visited)         Gauntlet (visited)
 Depths: D:15

Altars:
Ashenzari
Cheibriados
Dithmenos
Elyvilon
Fedhas
Gozag
Makhleb
Okawaru
Qazlal
Ru
Sif Muna
Uskayaw
Wu Jian
Xom
Yredelemnul
Zin
Beogh
Jiyva
Lugonu

Shops:
D:13 *   Orc:2 *=[[   Snake:3 :   Snake:4 [

Portals:
Abyss: Lair:6

Annotations:
D:10 3 runed translucent doors, dragonscale333's ghost, journeyman DjFE
D:12 digging/haste
D:15 Rupert
Lair:2 exclusion: 2 downstairs
Lair:4 1 runed translucent door, Zappman123's ghost, journeyman GnCA
Swamp:1 Roxanne
Swamp:3 3 runed translucent doors, Bodigarde's ghost, adept GnDe
Swamp:4 3 exclusions


Innate Abilities, Weirdness & Mutations

You are immune to sickness and miasma.
Your stone body is resilient. (AC +13)
You are immune to poison.
Your large and strong wings let you fly.
You resist negative energy. (rN+)
You are resistant to electric shocks. (rElec)
You are resistant to unholy torment.
You are immune to petrification.
You are partially covered in iridescent scales. (AC +2)


Message History

You feel a bit more experienced.
The burst of rock shards engulfs the nagaraja.
The burst of rock shards engulfs the naga!
You kill the naga!
You hear a splash.
You hear a shout!
The nagaraja hits you from afar with a +0 halberd!
* * * LOW HITPOINT WARNING * * *
You take 7 damage, and have 64/117 hp.
Casting: Stone Arrow (mildly dangerous; 3% risk of failure)
Confirm with . or Enter, or press ? or * to list all spells.
Aiming: Stone Arrow (mildly dangerous; 3% risk of failure)
Press: ? - help, Shift-Dir - straight line, f - nagaraja
Aim: a nagaraja, wielding a +0 halberd and wearing a +0 robe (poison gas, moderately wounded, fast, strong, waterlogged, 74% to hit)
The stone arrow hits the nagaraja!!
The nagaraja is heavily wounded.
The nagaraja spits poison at you.
The splash of poison hits you but does no damage.
You resist.
The nagaraja is distracted by your dazzling golden aura.
Casting: Stone Arrow (mildly dangerous; 3% risk of failure)
Confirm with . or Enter, or press ? or * to list all spells.
Aiming: Stone Arrow (mildly dangerous; 3% risk of failure)
Press: ? - help, Shift-Dir - straight line, f/p - nagaraja
Aim: a nagaraja, wielding a +0 halberd and wearing a +0 robe (poison gas, heavily wounded, fast, strong, unaware, catching its breath, waterlogged, hasn't noticed you, 74% to hit)
The stone arrow hits the nagaraja.
The nagaraja is severely wounded.
The nagaraja is no longer distracted by gold.
The nagaraja hits you from afar with a +0 halberd!!!
* * * LOW HITPOINT WARNING * * *
You take 36 damage, and have 29/117 hp.
Casting: Stone Arrow (mildly dangerous; 3% risk of failure)
Confirm with . or Enter, or press ? or * to list all spells.
Aiming: Stone Arrow (mildly dangerous; 3% risk of failure)
Press: ? - help, Shift-Dir - straight line, f/p - nagaraja
Aim: a nagaraja, wielding a +0 halberd and wearing a +0 robe (poison gas, severely wounded, fast, strong, waterlogged, 74% to hit)
The stone arrow hits the nagaraja.
The nagaraja is severely wounded.
The nagaraja hits you from afar with a +0 halberd!!!
You die...
Your body crumbles into a pile of gold.

.. ... #.. ..#
... ... #.###≈#
# ..≈≈≈#.#
#N≈§#.# #≈≈N§≈#
###$# # #.@$#.#
# #...#.# . #..
#.....#
..##..##.#.##.#
.........##.#
...##.....#
###.##...###
##.......##
#.....)..###


You could see a nagaraja (fast, strong, waterlogged).

Vanquished Creatures
  Saint Roka (Orc:2)
  Nikola (Snake:1)
  2 nagarajas (Snake:4)
  An orc warlord (Orc:1)
  Louise (Snake:1)
  4 eleionomae
  A minotaur (Gauntlet)
  4 bunyips
  A spark wasp (Swamp:1)
  Fannar (Lair:1)
  2 vault guards (D:13)
  8 naga warriors
  12 hydras
  3 ghost crabs
  Erica (D:9)
  Erolcha (D:10)
  8 anacondas
  A catoblepas (D:14)
  A death knight (D:14)
  5 centaur warriors
  4 two-headed ogres
  A tengu warrior (D:15)
  4 death yaks
  3 alligators
  3 thrashing horrors (Lair:6)
  2 orc high priests (Orc:2)
  10 naga sharpshooters
  4 large abominations (Lair:6)
  A fire crab (Lair:6)
  6 shock serpents
  9 skeletal warriors
  4 salamander mystics (Snake:4)
  3 swamp dragons
  5 goliath frogs
  A spriggan druid (Swamp:1)
  2 naga ritualists
  8 bog bodies
  A necromancer (D:13)
  Pikel (D:9)
  2 wizards (D:13)
  A deep elf pyromancer (D:13)
  4 orc knights
  10 orc sorcerers
  3 ugly things
  A wolf spider (D:14)
  8 mana vipers
  2 will-o-the-wisps
  6 slime creatures
  5 salamanders
  5 cyclopes
  A moth of wrath (Gauntlet)
  8 cane toads
  Joseph (D:9)
  25 black mambas
  13 naga magi
  3 smoke demons (Lair:6)
  8 rime drakes
  A kobold demonologist (D:12)
  8 komodo dragons
  2 unseen horrors
  3 minotaur zombies (Gauntlet)
  A tengu conjurer (D:15)
  A yaktaur (D:13)
  3 swamp worm zombies (Swamp:4)
  An efreet (D:14)
  An ancient zyme (Lair:6)
  6 polar bears
  A bloated husk (Swamp:1)
  3 meliai
  6 tyrant leeches
  8 hornets
  3 trolls
  A hornet (shapeshifter) (D:13)
  20 blink frogs
  4 dream sheep
  2 alligator zombies (Swamp:4)
  A ynoxinul (Lair:6)
  Sigmund (D:6)
  42 yaks
  12 spriggans
  5 wraiths
  19 humans (D:13)
  10 small abominations (Lair:6)
  3 wyverns
  6 basilisks
  2 hogs (Swamp:2)
  A neqoxec (Gauntlet)
  2 steam dragons
  8 vampire mosquitoes
  3 chaos spawn
  14 wargs
  34 nagas
  An acid dragon (D:9)
  18 swamp worms
  10 water moccasins
  A meliai simulacrum (D:15)
  A hornet zombie (D:5)
  39 orc warriors
  3 necrophages
  4 boggarts (D:14)
  2 sky beasts
  A centaur (shapeshifter) (Lair:6)
  A phantom (D:6)
  22 wolves
  11 ogres
  12 centaurs
  4 lemures (D:8)
  A kobold brigand (D:12)
  Blork the orc (D:6)
  2 elf zombies (Ossuary)
  9 bullfrogs
  A scorpion (Lair:2)
  A water moccasin skeleton (D:4)
  8 wights
  A howler monkey (D:6)
  3 electric eels
  5 hounds
  3 jellies
  5 gnoll shamans
  6 human zombies (Ossuary)
  3 centaur skeletons
  7 centaur zombies
  22 orc priests
  Crazy Yiuf (D:2)
  2 iguanas (D:5)
  Natasha (thrice) (D:4)
  48 orc wizards
  A killer bee zombie (D:7)
  A hound zombie (D:5)
  3 mummies (Ossuary)
  Robin (D:4)
  A howler monkey zombie (D:8)
  A howler monkey skeleton (D:6)
  11 adders
  16 gnolls
  8 river rats
  A shadow imp (D:5)
  2 worms
  A dart slug (D:3)
  137 orcs
  12 endoplasms
  10 giant cockroaches
  13 goblins
  11 hobgoblins
  2 jackals (D:3)
  4 quokkas
  15 ball pythons
  8 bats
  3 frilled lizards
  5 kobolds (D:1)
  27 rats
1031 creatures vanquished.

Vanquished Creatures (collateral kills)
  Vashnia (Snake:3)
  Kirke (Swamp:2)
  A nagaraja (Snake:4)
  An ice dragon (Orc:1)
  A centaur warrior (D:14)
  A tengu warrior (D:14)
  An alligator (Swamp:2)
  A goliath frog (Swamp:1)
  A will-o-the-wisp (Swamp:4)
  A tyrant leech (Swamp:4)
  3 vampire mosquitoes (Swamp:1)
  A naga (Snake:4)
  2 centaurs (D:13)
16 creatures vanquished.

Vanquished Creatures (others)
  An anaconda (Snake:1)
  An ugly thing (Lair:6)
  A bloated husk (Swamp:3)
  A hornet (Swamp:1)
  A vampire mosquito (Swamp:1)
  A naga (Snake:4)
  An orc (Orc:1)
  A bush (Lair:4)
  14 foxfires
  24 fungi
  48 plants
94 creatures vanquished.

Grand Total: 1141 creatures vanquished

Notes
Turn   | Place    | Note
-------+----------+-------------------------------------------
     0 | D:1      | rlgrobin the Gargoyle Earth Elementalist began the quest
                  | for the Orb.
     0 | D:1      | Reached XP level 1. HP: 10/10 MP: 3/3
     5 | D:1      | Noticed an eight-headed hydra
   139 | D:1      | Noticed a four-headed hydra
   308 | D:1      | Reached XP level 2. HP: 12/15 MP: 5/5
   642 | D:1      | Reached XP level 3. HP: 9/19 MP: 4/6
  1932 | D:2      | Found a runed translucent door.
  1933 | D:2      | Noticed Crazy Yiuf
  2006 | D:2      | Found a faded altar of an unknown god.
  2169 | D:2      | Reached XP level 4. HP: 24/24 MP: 8/8
  2174 | D:2      | Reached skill level 1 in Conjurations
  2242 | D:2      | Learned a level 2 spell: Passwall
  2246 | D:2      | Learned a level 3 spell: Stone Arrow
  2249 | D:2      | Learned a level 2 spell: Blink
  2300 | D:2      | Killed Crazy Yiuf
  2479 | D:3      | Reached skill level 5 in Earth Magic
  2885 | D:3      | Reached XP level 5. HP: 28/28 MP: 9/9
  2906 | D:3      | Found a glowing drain.
  2910 | Sewer    | Entered a sewer
  3009 | Sewer    | Reached skill level 1 in Staves
  3310 | Sewer    | Reached XP level 6. HP: 32/32 MP: 11/11
  3835 | D:3      | Found Zin's Purification Station.
  3850 | D:3      | Found a glowing silver altar of Zin.
  3853 | D:3      | Bought a potion of curing for 90 gold pieces
  4198 | D:4      | Noticed Natasha
  4199 | D:4      | Killed Natasha
  4200 | D:4      | Reached XP level 7. HP: 36/36 MP: 9/13
  4304 | D:4      | Noticed Natasha
  4313 | D:4      | Killed Natasha
  4410 | D:4      | Noticed Robin
  4717 | D:4      | Noticed Natasha
  4727 | D:4      | Killed Natasha
  5087 | D:4      | Killed Robin
  5569 | D:5      | Entered Level 5 of the Dungeon
  5573 | D:5      | Reached skill level 1 in Fighting
  5573 | D:5      | Reached skill level 1 in Armour
  5832 | D:4      | Reached skill level 5 in Conjurations
  5832 | D:4      | Reached XP level 8. HP: 44/44 MP: 4/14
  6022 | D:5      | Found a blossoming altar of Fedhas.
  6657 | D:6      | Identified the +8 hand axe "Ijikafun" {flame, Drain rC+
                  | MP+9}
  6721 | D:6      | Found a sand-covered staircase.
  6801 | D:6      | Reached XP level 9. HP: 37/52 MP: 3/15
  6829 | D:6      | Reached skill level 5 in Staves
  6949 | Ossuary  | Entered an ossuary
  6988 | Ossuary  | Reached skill level 5 in Armour
  7598 | D:6      | Noticed Blork the orc
  7602 | D:6      | Killed Blork the orc
  8312 | D:6      | Noticed Sigmund
  8380 | D:6      | Identified a scroll of acquirement
  8380 | D:6      | Acquired 1039 gold pieces
  8388 | D:6      | Reached XP level 10. HP: 56/56 MP: 16/16
  8487 | D:6      | Killed Sigmund
  9295 | D:7      | Found a staircase to the Ecumenical Temple.
  9302 | Temple   | Entered the Ecumenical Temple
  9319 | Temple   | Became a worshipper of Gozag Ym Sagoz the Greedy
  9630 | D:7      | Found a snail-covered altar of Cheibriados.
  9944 | D:7      | Gained mutation: Your body sometimes deteriorates upon
                  | taking damage. [potion of mutation]
  9944 | D:7      | Gained mutation: You expend magic power (3 MP) to
                  | strengthen your wands. [potion of mutation]
 10692 | D:8      | Reached XP level 11. HP: 58/61 MP: 2/17
 11446 | D:8      | Found a staircase to the Lair.
 12685 | D:9      | Found an ornate altar of the Wu Jian Council.
 12895 | D:9      | Noticed Pikel
 12899 | D:9      | Killed Pikel
 12900 | D:9      | Reached skill level 5 in Fighting
 12990 | D:9      | Noticed Joseph
 13011 | D:9      | Killed Joseph
 13265 | D:9      | Found a burning altar of Makhleb.
 13310 | D:9      | Noticed Erica
 13325 | D:9      | Killed Erica
 13342 | D:9      | Noticed a centaur warrior
 13676 | D:9      | Killed a centaur warrior
 13770 | D:9      | Found a hide-covered altar of Uskayaw.
 13794 | D:9      | Found a basalt altar of Yredelemnul.
 13799 | D:9      | Found a sacrificial altar of Ru.
 14025 | D:9      | Found an iron altar of Okawaru.
 14131 | D:10     | Entered Level 10 of the Dungeon
 14435 | D:10     | Found a runed translucent gate.
 14435 | D:10     | Found a runed translucent gate.
 14460 | D:10     | Found a runed translucent gate.
 14463 | D:10     | Noticed dragonscale333's ghost (journeyman DjFE)
 14614 | D:10     | Noticed Erolcha
 14620 | D:10     | Killed Erolcha
 14621 | D:10     | Reached skill level 2 in Dodging
 15029 | D:10     | Found a staircase to the Orcish Mines.
 15940 | D:11     | Noticed a two-headed ogre
 15944 | D:11     | Killed a two-headed ogre
 15945 | D:11     | Reached skill level 3 in Dodging
 16329 | D:11     | Reached XP level 12. HP: 75/75 MP: 13/18
 16432 | D:11     | Identified the +6 flail of Domination {freeze, Str+5 Dex+7
                  | Stlth-}
 16732 | D:11     | Noticed a two-headed ogre
 16737 | D:11     | Killed a two-headed ogre
 17086 | Lair:1   | Entered Level 1 of the Lair of Beasts
 17249 | Lair:1   | Noticed Fannar
 17383 | Lair:1   | Killed Fannar
 17384 | Lair:1   | Reached skill level 4 in Dodging
 17666 | Lair:1   | Noticed a seven-headed hydra
 17673 | Lair:1   | Killed a seven-headed hydra
 18186 | Lair:1   | Reached skill level 10 in Fighting
 18604 | Lair:1   | Reached skill level 5 in Dodging
 19543 | Lair:2   | Reached skill level 6 in Dodging
 19655 | Lair:2   | Reached skill level 10 in Armour
 19679 | Lair:2   | Reached XP level 13. HP: 70/82 MP: 17/19
 19930 | Lair:2   | Reached skill level 7 in Dodging
 22181 | Lair:4   | Found a staircase to the Snake Pit.
 22563 | Lair:4   | Reached skill level 8 in Dodging
 22701 | Lair:4   | Found a runed translucent door.
 22704 | Lair:4   | Identified the +6 spear "Ogre's Nightmare" {holy, *Noise
                  | Fly Int+2}
 22704 | Lair:4   | Noticed Zappman123's ghost (journeyman GnCA)
 22809 | Lair:4   | Found a staircase to the Swamp.
 24696 | Lair:6   | Entered Level 6 of the Lair of Beasts
 24729 | Lair:6   | Reached skill level 9 in Dodging
 25045 | Lair:6   | Found a gate leading to a gauntlet.
 25069 | Gauntlet | Entered a Gauntlet
 25069 | Gauntlet | Found a transporter.
 25161 | Gauntlet | Found a transporter.
 25176 | Gauntlet | Found a transporter.
 25181 | Gauntlet | Found a transporter.
 25188 | Gauntlet | Noticed a dire elephant
 25198 | Gauntlet | Found a transporter.
 25216 | Gauntlet | Found a transporter.
 25225 | Gauntlet | Found a transporter.
 25240 | Gauntlet | Found a transporter.
 25252 | Gauntlet | Found a transporter.
 25258 | Gauntlet | Found a transporter.
 25258 | Gauntlet | Found a transporter.
 25273 | Gauntlet | Found a transporter.
 25290 | Gauntlet | Found a transporter.
 25310 | Gauntlet | Found a transporter.
 25335 | Gauntlet | Found a transporter.
 25337 | Gauntlet | Found a transporter.
 25357 | Gauntlet | Found a transporter.
 25435 | Gauntlet | Found a transporter.
 26030 | Gauntlet | Identified the +4 trident of Grand Fortitude {flame, rC+}
 26030 | Gauntlet | Noticed a minotaur
 26048 | Gauntlet | Killed a minotaur
 26049 | Gauntlet | Reached skill level 10 in Dodging
 26049 | Gauntlet | Reached skill level 1 in Evocations
 27059 | Lair:6   | Reached skill level 5 in Evocations
 27059 | Lair:6   | Gained mutation: Your large and strong wings let you fly.
                  | [Gargoyle growth]
 27059 | Lair:6   | Reached XP level 14. HP: 52/88 MP: 20/20
 27300 | Lair:6   | Found a viscous altar of Jiyva.
 27300 | Lair:6   | Found a staircase to the Slime Pits.
 28272 | Lair:6   | Identified the +8 falchion of Tidathryg {pain, rElec rF+
                  | rN++ Will+}
 28275 | Lair:6   | HP: 6/88 [large abomination (22)]
 28839 | Lair:6   | Found a corrupted altar of Lugonu.
 28839 | Lair:6   | Found a one-way gate to the infinite horrors of the Abyss.
 29387 | Orc:1    | Entered Level 1 of the Orcish Mines
 29397 | Orc:1    | Noticed an orc warlord
 29403 | Orc:1    | Killed an orc warlord
 29972 | Orc:2    | Entered Level 2 of the Orcish Mines
 29972 | Orc:2    | Noticed Saint Roka
 30726 | Orc:2    | Reached skill level 10 in Evocations
 31456 | Orc:2    | Found a staircase to the Elven Halls.
 31525 | Orc:2    | Paralysed by an orc sorcerer for 3 turns
 31767 | Orc:2    | Reached XP level 15. HP: 87/92 MP: 12/22
 31798 | Orc:2    | Killed Saint Roka
 31799 | Orc:2    | Reached skill level 5 in Spellcasting
 32050 | Orc:2    | Found Abbeirgh's Assorted Antiques.
 32050 | Orc:2    | Found Xalaoreph's Jewellery Shop.
 32055 | Orc:2    | Bought a scroll of immolation for 91 gold pieces
 32055 | Orc:2    | Bought a potion of haste for 260 gold pieces
 32055 | Orc:2    | Bought a potion of might for 104 gold pieces
 32055 | Orc:2    | Bought a scroll of vulnerability for 195 gold pieces
 32064 | Orc:2    | Bought an amulet of regeneration for 420 gold pieces
 32494 | Orc:2    | Found Hymn's Antique Armour Emporium.
 32494 | Orc:2    | Found Joefrum's Armour Shop.
 32722 | Orc:2    | Lost mutation: You expend magic power (3 MP) to strengthen
                  | your wands. [potion of mutation]
 32722 | Orc:2    | Lost mutation: Your body sometimes deteriorates upon taking
                  | damage. [potion of mutation]
 32722 | Orc:2    | Gained mutation: You are partially covered in iridescent
                  | scales. (AC +2) [potion of mutation]
 33996 | D:12     | Reached skill level 11 in Dodging
 34990 | D:13     | Found Metradu's Assorted Antiques.
 34999 | D:13     | Bought a potion of haste for 340 gold pieces
 34999 | D:13     | Bought a scroll of teleportation for 102 gold pieces
 35276 | D:13     | Found a gate to the Vaults.
 37572 | D:15     | Entered Level 15 of the Dungeon
 37572 | D:15     | Noticed Rupert
 37820 | D:15     | Identified the +5 trident "Piefarom" {drain, rPois rCorr
                  | Str+3}
 38024 | D:15     | Reached XP level 16. HP: 100/100 MP: 24/26
 38026 | D:15     | Reached skill level 12 in Dodging
 38907 | Swamp:1  | Entered Level 1 of the Swamp
 39659 | Swamp:1  | Noticed Roxanne
 40166 | Swamp:2  | Noticed Kirke
 40175 | Swamp:2  | Noticed a sphinx
 40177 | Swamp:2  | Killed Kirke
 40935 | Swamp:3  | Found a runed translucent gate.
 40935 | Swamp:3  | Found a runed translucent gate.
 40935 | Swamp:3  | Found a runed translucent gate.
 40935 | Swamp:3  | Noticed Bodigarde's ghost (adept GnDe)
 41175 | Swamp:3  | Reached skill level 13 in Dodging
 41390 | Swamp:3  | Learned a level 5 spell: Lee's Rapid Deconstruction
 41960 | Swamp:4  | Entered Level 4 of the Swamp
 42559 | Swamp:4  | Reached XP level 17. HP: 105/108 MP: 17/29
 43147 | Snake:1  | Entered Level 1 of the Snake Pit
 43218 | Snake:1  | Noticed Louise
 43244 | Snake:1  | Killed Louise
 43724 | Snake:1  | Got the Catalogue of Burning Snow
 43907 | Snake:1  | Reached skill level 14 in Dodging
 43990 | Snake:1  | Noticed Nikola
 44009 | Snake:1  | Killed Nikola
 44487 | Snake:2  | Found a white marble altar of Elyvilon.
 44712 | Snake:2  | Learned a level 4 spell: Dispel Undead
 45569 | Snake:3  | Found Veuli's Self-Improvement Boutique.
 46030 | Snake:3  | Noticed Vashnia
 46066 | Snake:3  | Killed Vashnia
 46754 | Snake:4  | Entered Level 4 of the Snake Pit
 47357 | Snake:4  | Found Zufukhli's Armour Shop.
 47916 | Snake:4  | Reached XP level 18. HP: 116/116 MP: 30/30
 47972 | Snake:4  | Reached skill level 15 in Dodging
 48242 | Snake:4  | Found Qaves's Magic Scroll Emporium.
 48247 | Snake:4  | Bought a scroll of fear for 56 gold pieces
 48247 | Snake:4  | Bought a scroll of magic mapping for 56 gold pieces
 48247 | Snake:4  | Bought a scroll of immolation for 56 gold pieces
 48247 | Snake:4  | Bought a scroll of fog for 32 gold pieces
 48247 | Snake:4  | Bought a scroll of teleportation for 48 gold pieces
 48247 | Snake:4  | Bought a scroll of summoning for 152 gold pieces
 48247 | Snake:4  | Bought a scroll of teleportation for 48 gold pieces
 48247 | Snake:4  | Bought a scroll of amnesia for 56 gold pieces
 48247 | Snake:4  | Bought a scroll of fog for 32 gold pieces
 48357 | Snake:4  | Mangled by a nagaraja

Illustrated notes

Levels and vault maps discovered:
D:1:      sevenhm_arrival_forest_fort_small_2, layout_rooms,
          minmay_misc_feat_enclosed
D:2:      layout_rooms, shapermc_ecumenical_altar_mp_urbaneastern,
          uniq_crazy_yiuf_cottage
D:3:      layout_loops_ring, zin_purify, gup_sewer_entry_bowl,
          minmay_stone_trees_small, minivault_25
D:4:      layout_basic, grunt_decor_cap, uniq_robin, uniq_natasha
D:5:      layout_rooms, marbit_many_paths, minmay_manual_mares
D:6:      cheibrodos_helix_gallery, layout_basic, nicolae_ossuary_entry_ruins,
          grunt_decor_resistance, uniq_blork_the_orc, uniq_sigmund
D:7:      layout_gridville, mainiacjoe_overflow_boulevard,
          minmay_temple_entry_wispy, serial_rivers,
          chequers_serial_rivers_micro_a, chequers_serial_rivers_large_a,
          chequers_serial_rivers_micro_b, chequers_serial_rivers_small_3,
          chequers_serial_rivers_marsh
D:8:      layout_basic, lair_entry_dummy
D:9:      layout_rooms, kennysheep_little_box, bloody_makhleb,
          nicolae_wu_jian_immortal_techniques, minitemple, uniq_joseph,
          uniq_pikel, uniq_erica
D:10:     layout_basic, hiddenorc2_lemuel, gammafunk_ghost_spectres,
          uniq_erolcha
D:11:     layout_grid_maze
D:12:     kennysheep_seaside_town, layout_loops_ring
D:13:     layout_stronghold, grunt_vaults_entry_tiered, serial_shops,
          nicolae_shop_statue_plus
D:14:     layout_irregular_city, serial_column_ruins,
          column_ruins_columns_corner, column_ruins_columns_corner,
          column_ruins_columns_corner, column_ruins_columns_straight,
          serial_park_square3 [serial_park_minivault_5x5_4]
D:15:     gammafunk_enter_depths_forms, layout_cross, enter_trove_3, hex_tiny,
          uniq_rupert
Temple:   dshaligram_water_room_temple
Lair:1:   layout_roguey, uniq_fannar
Lair:2:   layout_cave_pods, nicolae_volcano_entry_hallway
Lair:3:   layout_layer_cave, infiniplex_staircase_pool
Lair:4:   layout_roguey, minmay_swamp_entry_worms, guppyfry_snake_entry_island,
          ebering_ghost_funeral_grove, serial_bayou_shore_a
Lair:5:   layout_hall_layers, lemuel_fruit_tree, grunt_megastairs_1
Lair:6:   hellmonk_lair_end_abyssal_woods, layout_layer_cave,
          dpeg_slime_entry_enclosed_altar, gauntlet_entry_generic,
          serial_forest, infiniplex_forest_straight_2, infiniplex_forest_split,
          infiniplex_forest_end_2, infiniplex_forest_straight_2,
          infiniplex_forest_lined_corner, infiniplex_forest_lined_2,
          infiniplex_forest_straight_2, infiniplex_forest_lined_corner,
          minmay_lair_drake_nest
Swamp:1:  layout_basic_swamp, evilmike_swamp_ruin_house_2, swamp_pool3,
          nicolae_swamp_catching_bugs, uniq_roxanne
Swamp:2:  layout_falls_marsh, serial_swamp_ruin, evilmike_swamp_ruin_house_3,
          evilmike_swamp_ruin_house_6, evilmike_swamp_ruin_wall, uniq_kirke
Swamp:3:  layout_falls_marsh, gammafunk_ghost_hydra_chop,
          evilmike_swamp_ruin_house_5, infiniplex_staircase_pool_2
Swamp:4:  swamp_pestilence, layout_basic_swamp, swamp_pool2
Snake:1:  layout_rooms, uniq_nikola, uniq_louise
Snake:2:  layout_chambers, basic_altar, corexii_hall_statues_x
Snake:3:  layout_chambers, nicolae_shop_self_help, grunt_megastairs_3,
          uniq_vashnia
Snake:4:  minmay_snake_end_coiled, layout_chambers, serial_shops, shop,
          nicolae_shop_crystal, shop, abandoned_shop,
          nicolae_snake_guarding_the_ruins, uniq_aizul
Orc:1:    layout_caves, portal_ice_cave_entry_animals_and_master,
          guppyfry_library_mini
Orc:2:    st_orc_town, layout_diamond_mine, dreamdust_deal_with_the_devil,
          david_defended_altar_orc, uniq_saint_roka

Skill      XL: |  1  2  3  4  5  6  7  8  9 10 11 12 13 14 15 16 17 18 |
---------------+-------------------------------------------------------+-----
Earth Magic    | 4 5 6 |  6.2
Spellcasting   | 3 4 6 8 |  8.0
Conjurations   | 1 2 3 5 6 |  6.0
Staves         | 1 2 3 4 13 14 | 14.0
Fighting       | 1 4 8 10 11 12 14 | 14.3
Armour         | 1 4 6 7 10 11 12 14 | 14.5
Dodging        | 3 6 10 11 13 14 15 | 15.2
Evocations     | 5 10 | 10.0
Stealth        | |  2.1
Transmutations | |  0.7

Action                   |  1- 3 |  4- 6 |  7- 9 | 10-12 | 13-15 | 16-18 || total
-------------------------+-------+-------+-------+-------+-------+-------++-------
Melee: Club              |    12 |       |       |       |       |       ||    12
       Short sword       |   113 |     1 |       |       |       |       ||   114
       Punch             |     1 |       |       |       |       |       ||     1
       Quarterstaff      |       |   123 |   186 |   359 |  1113 |  1105 ||  2886
Throw: Dart              |       |       |       |     7 |       |     3 ||    10
 Cast: Sandblast         |    18 |    29 |       |    39 |   105 |     2 ||   193
       Stone Arrow       |       |    11 |    72 |   186 |   233 |   191 ||   693
Invok: Potion Petition   |       |       |       |       |     4 |     1 ||     5
Evoke: Wand              |       |       |       |     4 |    59 |     7 ||    70
       Condenser vane    |       |       |       |       |     5 |     7 ||    12
       Phantom mirror    |       |       |       |       |     4 |     5 ||     9
       Box of beasts     |       |       |       |       |     2 |     6 ||     8
       Tin of tremorston |       |       |       |       |       |     3 ||     3
       Phial of floods   |       |       |       |       |       |     2 ||     2
  Use: Potion            |       |     4 |     1 |     6 |     4 |     4 ||    19
       Scroll            |       |     2 |    15 |     5 |    15 |     1 ||    38
 Stab: Sleeping          |     2 |     3 |     1 |       |       |       ||     6
       Paralysed         |       |       |     3 |       |       |       ||     3
       Distracted        |       |       |       |     3 |     8 |    11 ||    22
       Invisible         |       |       |       |       |     3 |       ||     3
Armor: Robe              |    59 |    78 |    17 |       |       |       ||   154
       Ring mail         |       |       |    98 |   159 |       |       ||   257
       Scale mail        |       |       |       |   100 |   680 |   615 ||  1395
Dodge: Dodged            |    86 |   131 |    99 |   206 |   568 |   570 ||  1660
Block: Other             |       |       |       |       |   106 |       ||   106
